 Dungeon Crawl Stone Soup version 0.23.0 (webtiles) character file.

Game seed: 12889840730485118459

416883 Kairos the Warrior (level 23, -4/133 HPs)
             Began as a Vine Stalker Fighter on Feb 13, 2019.
             Was the Champion of Okawaru.
             Killed from afar by a shadow dragon (15 damage)
             ... with a bolt of negative energy
             ... on level 5 of the Vaults on Feb 15, 2019.
             The game lasted 02:42:14 (39975 turns).

Kairos the Warrior (Vine Stalker Fighter)          Turns: 39975, Time: 02:42:15

Health: -4/133     AC: 37    Str: 30    XL:     23   Next: 62%
Magic:  0/39       EV: 12    Int:  8    God:    Okawaru [******]
Gold:   2002       SH: 16    Dex: 16    Spells: 20/22 levels left

rFire    + . .     SeeInvis .   w - +7 broad axe (flame)
rCold    + . .     Gourm    .   B - +0 shield of Varphod {MP+9}
rNeg     . . .     Faith    +   a - +5 gold dragon scales
rPois    +         Spirit   +   T - +2 hat "Duasimih" {+Blink Regen+ rCorr}
rElec    .         Reflect  .   y - +1 cloak
rCorr    +         Harm     .   m - +1 pair of gloves {Str+3}
MR       ++...                  Z - +0 pair of boots
Stlth    ..........             k - amulet of faith
HPRegen  1.52/turn              P - +4 ring of protection
MPRegen  0.26/turn              E - +3 ring of evasion

@: heroism, heavily drained
A: fangs 3, regeneration 2, magic shield, antimagic bite, no potion heal 3, rot
immunity
}: 2/15 runes: serpentine, barnacled
a: Heroism, Finesse, Renounce Religion, Evoke Blink


You were on level 5 of the Vaults.
You worshipped Okawaru.
Okawaru was exalted by your worship.
You were not hungry.

You visited 8 branches of the dungeon, and saw 38 of its levels.
You visited 1 bazaar.
You also visited: Sewer.

You collected 4662 gold pieces.
You spent 2660 gold pieces at shops.

Inventory:

Hand Weapons
 c - a +4 broad axe of electrocution
 w - a +7 broad axe of flaming (weapon)
 I - the +1 broad axe of True Grit {drain, rN+}
   (Okawaru gifted it to you on level 1 of the Vaults)

   A truly terrible weapon, it drains the life of those it strikes.
   It protects you from negative energy.
 W - a +4 demon whip of draining
Missiles
 K - 17 javelins of returning (quivered)
Armour
 a - +5 gold dragon scales (worn)
 m - a +1 pair of gloves of strength (worn)
 y - a +1 cloak (worn)
 B - the +0 shield of Varphod (worn) {MP+9}
   (Okawaru gifted it to you on level 4 of the Snake Pit)

   It affects your magic capacity (+9).
 D - the +0 Maxwell's etheric cage {RegenMP+ *Contam rElec MP+4}
   (Okawaru gifted it to you on level 3 of the Vaults)

   It insulates you from electricity.
   It affects your magic capacity (+4).
   It causes magical contamination when unequipped.
 R - a scarf of resistance
 T - the +2 hat "Duasimih" (worn) {+Blink Regen+ rCorr}
   (Okawaru gifted it to you on level 6 of the Lair of Beasts)

   It lets you blink.
   It increases your rate of regeneration.
   It provides partial protection from all sources of acid and corrosion.
 X - a scarf of repulsion
 Y - the +0 gold dragon scales "Jirroubb" {rPois rF+ rC+ rN+}
   (Okawaru gifted it to you on level 4 of the Vaults)

   It protects you from fire.
   It protects you from cold.
   It protects you from poison.
   It protects you from negative energy.
 Z - a +0 pair of boots (worn)
Jewellery
 g - an uncursed amulet of regeneration
 j - an uncursed ring of protection from fire
 k - an amulet of faith (around neck)
 l - an uncursed ring of protection from magic
 q - an uncursed ring of protection from cold
 E - a +3 ring of evasion (right hand)
 G - an uncursed ring of see invisible
 P - a +4 ring of protection (left hand)
Wands
 J - a wand of clouds (6)
 L - a wand of scattershot (5)
 V - a wand of acid (17)
Scrolls
 e - 24 scrolls of teleportation
 h - 8 scrolls of fog
 n - 11 scrolls of remove curse
 p - 2 scrolls of silence
 x - 5 scrolls of fear
 F - 5 scrolls of magic mapping
 Q - 3 scrolls of brand weapon
 S - 4 scrolls of blinking
 U - a scroll of holy word
Potions
 b - 5 potions of brilliance
 d - 5 potions of might
 i - 4 potions of berserk rage
 o - 15 potions of curing
 r - 5 potions of agility
 s - 9 potions of haste
 t - 11 potions of heal wounds {unknown}
 u - 9 potions of flight
 z - 3 potions of invisibility {unknown}
 A - 3 potions of mutation {unknown}
 C - 2 potions of resistance
 H - 5 potions of lignification
 M - 2 potions of ambrosia {unknown}
 O - 2 potions of magic
Miscellaneous
 N - 4 phantom mirrors
Comestibles
 f - 66 rations


   Skills:
 + Level 18.2(19.0) Fighting
 - Level 17.9(19.0) Axes
 + Level 5.2(14.3) Maces & Flails
 + Level 5.0(6.9) Throwing
 + Level 13.4(14.6) Armour
 + Level 2.5(4.6) Dodging
 * Level 16.5(17.4) Stealth
 + Level 17.8(18.7) Shields
 - Level 9.0(5.9) Invocations
 + Level 1.4(0.0) Evocations


You had 20 spell levels left.
You knew the following spells:

 Your Spells              Type           Power        Failure   Level  Hunger
a - Blink                 Tloc           N/A          100%        2    ###....

Your spell library contained the following spells:

 Spells                   Type           Power        Failure   Level  Hunger
 Confusing Touch          Hex            #.....       100%        1    ##.....
 Corona                   Hex            #......      100%        1    ##.....
 Magic Dart               Conj           #...         100%        1    ##.....
 Sandblast                Erth           #.....       100%        1    ##.....
 Shock                    Conj/Air       #...         100%        1    ##.....
 Sting                    Conj/Pois      #...         100%        1    ##.....
 Summon Butterflies       Summ           #.......     100%        1    ##.....
 Summon Small Mammal      Summ           #...         100%        1    ##.....
 Call Imp                 Summ           #.......     100%        2    ###....
 Passwall                 Tmut/Erth      #.......     100%        2    ###....
 Poisonous Vapours        Pois/Air       #.....       100%        2    ###....
 Slow                     Hex            #.......     100%        2    ###....
 Swiftness                Chrm/Air       #.......     100%        2    ###....
 Throw Flame              Conj/Fire      #.....       100%        2    ###....
 Throw Frost              Conj/Ice       #.....       100%        2    ###....
 Call Canine Familiar     Summ           #.......     100%        3    ####...
 Confuse                  Hex            #.......     100%        3    ####...
 Conjure Flame            Conj/Fire      #.......     100%        3    ####...
 Gell's Gravitas          Tloc           #.........   100%        3    ####...
 Ignite Poison            Fire/Tmut/Pois #.......     100%        3    ####...
 Inner Flame              Hex/Fire       #.......     100%        3    ####...
 Mephitic Cloud           Conj/Pois/Air  #.......     100%        3    ####...
 Ozocubu's Armour         Chrm/Ice       #.......     100%        3    ####...
 Portal Projectile        Hex/Tloc       #.....       100%        3    ####...
 Recall                   Summ/Tloc      N/A          100%        3    ####...
 Static Discharge         Conj/Air       #.......     100%        3    ####...
 Stone Arrow              Conj/Erth      #.....       100%        3    ####...
 Summon Guardian Golem    Hex/Summ       #.......     100%        3    ####...
 Tukima's Dance           Hex            #.......     100%        3    ####...
 Airstrike                Air            #.........   100%        4    #####..
 Animate Dead             Necr           N/A          100%        4    #####..
 Cause Fear               Hex            #.........   100%        4    #####..
 Force Lance              Conj/Tloc      #.......     100%        4    #####..
 Leda's Liquefaction      Hex/Erth       #.........   100%        4    #####..
 Olgreb's Toxic Radiance  Pois           #.......     100%        4    #####..
 Petrify                  Tmut/Erth      #.......     100%        4    #####..
 Summon Ice Beast         Ice/Summ       #.......     100%        4    #####..
 Summon Lightning Spire   Summ/Air       #.......     100%        4    #####..
 Aura of Abjuration       Summ           #.........   100%        5    ######.
 Borgnjor's Vile Clutch   Necr/Erth      #.........   100%        5    ######.
 Fireball                 Conj/Fire      #.........   100%        5    ######.
 Irradiate                Conj/Tmut      #.........   100%        5    ######.
 Lee's Rapid Deconstruct  Erth           #.........   100%        5    ######.
 Lightning Bolt           Conj/Air       #.........   100%        5    ######.
 Metabolic Englaciation   Hex/Ice        #.........   100%        5    ######.
 Silence                  Hex/Air        #.........   100%        5    ######.
 Summon Mana Viper        Hex/Summ       #.......     100%        5    ######.
 Venom Bolt               Conj/Pois      #.........   100%        5    ######.
 Yara's Violent Unravell  Hex/Tmut       #.........   100%        5    ######.
 Bolt of Fire             Conj/Fire      #.........   100%        6    #######
 Conjure Ball Lightning   Conj/Air       #.........   100%        6    #######
 Death Channel            Necr           #.........   100%        6    #######
 Deflect Missiles         Chrm/Air       #.........   100%        6    #######
 Dispersal                Tloc           #.........   100%        6    #######
 Freezing Cloud           Conj/Ice/Air   #.........   100%        6    #######
 Hydra Form               Tmut           #.........   100%        6    #######
 Simulacrum               Ice/Necr       #.........   100%        6    #######
 Statue Form              Tmut/Erth      #........    100%        6    #######
 Dragon Form              Tmut           #.........   100%        7    #######
 Ring of Flames           Chrm/Fire      #.........   100%        7    #######
 Summon Hydra             Summ           #.........   100%        7    #######
 Controlled Blink         Tloc           N/A          100%        8    #######
 Discord                  Hex            #.........   100%        8    #######
 Disjunction              Tloc           #.........   100%        8    #######
 Ignition                 Fire           #.........   100%        8    #######
 Shatter                  Erth           #.........   100%        9    #######
 Tornado                  Air            #.........   100%        9    #######


Dungeon Overview and Level Annotations

Branches:
Dungeon (13/15)            Temple (1/1) D:6            Lair (6/6) D:11
 Shoals (4/4) Lair:3        Snake (4/4) Lair:3        Slime (0/5) Lair:6
    Orc (2/2) D:10            Elf (3/3) Orc:2        Vaults (5/5) D:13
  Crypt (0/3) Vaults:3

Altars:
Ashenzari
Fedhas
Hepliaklqana
Kikubaaqudgha
Makhleb
Nemelex Xobeh
Okawaru
Qazlal
Ru
Vehumet
Xom
Yredelemnul
Zin
Beogh
Jiyva

Shops:
D:10 ([   D:11 [   Orc:1 !   Orc:2 ?}(!   Shoals:3 (   Snake:3 %   Vaults:1 %

Annotations:
D:8 1 exclusion
Lair:5 exclusion: 5 oklob plants
Lair:6 1 runed translucent door
Elf:2 exclusion: Roxanne, Roxanne


Innate Abilities, Weirdness & Mutations

You have razor-sharp teeth.
You heal very quickly.
When hurt, damage is shared between your health and your magic reserves.
Your bite disrupts and absorbs the magic of your enemies.
Potions cannot restore your health.
You are immune to rotting.


Message History

* * * LOW HITPOINT WARNING * * *
You see here a large rock.
Something hits you but does no damage.
The ironheart preserver hits you but does no damage.
The deep elf mage gestures wildly while chanting.
The deep elf mage blinks!
The deep elf mage gestures wildly while chanting.
You block the vault guard's attack.
There is a stone staircase leading up here.
You hear some strange, mumbled words.
A shard of ice appears from out of thin air!
You block the shard of ice. You block the fire elemental's attack.
You block the ironheart preserver's attack.
Something hits you!
* * * LOW HITPOINT WARNING * * *
The fire elemental hits you. The fire elemental burns you! You resist.
* * * LOW HITPOINT WARNING * * *
The shadow dragon breathes negative energy at you.
The bolt of negative energy hits you!!
You feel drained.
You die...

.# #....#.....
.#.##....#....
#.#.#....#..(.
#...........
####......!.#####
...............(.
...○E.e<<)[......
.°....E.[<[......
....☼○E@pC[......
####..pD{†).#####
........p........
.....#....#.##...
##...#.e..#.# )!
##. #....#.. # #
#....#..? #....#
.?# #....# ##


You could see a shadow dragon, an ironheart preserver, a stone giant, a vault
warden, a vault guard, 2 deep elf magi and 3 fire elementals.

Vanquished Creatures
  Margery (Vaults:5)
  Boris (thrice) (Vaults:2 Vaults:3 Vaults:4)
  The ghost of Nornya the Convoker, a veteran MfSu of Ashenzari (Vaults:4)
  2 golden dragons (Vaults:5)
  A lich (Vaults:3)
  A tentacled monstrosity (Vaults:5)
  2 titans
  2 deep elf blademasters
  3 deep elf master archers (Elf:3)
  2 sphinxes (Vaults:3)
  Kirke (D:13)
  A shadow dragon (Vaults:5)
  2 storm dragons
  2 tengu reavers (Vaults:4)
  7 nagarajas
  4 fire giants
  Ilsuiw (Shoals:2)
  An orc warlord (Orc:2)
  3 deep elf sorcerers (Elf:3)
  Louise (Shoals:1)
  12 vault wardens
  8 stone giants
  5 very ugly things (Vaults:4)
  8 deep elf elementalists (Elf:3)
  14 ironheart preservers
  2 entropy weavers
  Azrael (Orc:2)
  Nessos (D:13)
  3 deep elf demonologists
  An ettin (Vaults:3)
  9 deep elf annihilators
  3 merfolk javelineers
  7 deep elf death magi
  3 deep elf high priests
  Josephine (Orc:2)
  5 yaktaur captains
  3 merfolk impalers
  2 great orbs of eyes
  19 ogre magi
  35 vault guards
  19 naga warriors
  2 rakshasas
  3 catoblepae
  8 ice dragons
  7 hydras
  An alligator snapping turtle (Shoals:4)
  Erica (Lair:2)
  8 anacondas
  4 death knights
  50 two-headed ogres
  A tengu warrior (D:13)
  3 merfolk aquamancers (Shoals:4)
  2 merfolk avatars
  26 dancing weapons
  A deep troll shaman (Vaults:4)
  4 satyrs
  10 centaur warriors
  2 small abominations (Elf:3)
  3 death yaks (Lair:6)
  Urug (D:12)
  15 naga sharpshooters
  3 deep troll earth magi (Vaults:4)
  3 orc high priests
  6 shock serpents
  Nergalle (D:12)
  12 deep elf knights
  3 salamander mystics
  10 sea snakes
  4 unseen horrors
  3 hell knights (Vaults:5)
  10 deep trolls
  2 glowing orange brains
  7 skeletal warriors
  5 flayed ghosts
  13 deep elf archers
  An orange crystal statue (Vaults:2)
  A phantasmal warrior (D:13)
  9 naga ritualists
  14 ironbrand convokers
  4 lindwurms (Lair:6)
  2 wolf spider zombies (D:13)
  A harpy (shapeshifter) (Vaults:2)
  5 mana vipers
  14 orc knights
  2 necromancers
  11 orc sorcerers
  52 deep elf magi
  35 ugly things
  20 harpies
  10 salamanders
  6 cyclopes
  10 manticores
  An oklob plant (Shoals:2)
  3 wolf spiders
  2 shining eyes (shapeshifter) (Vaults:5)
  14 vault sentinels
  15 fauns
  7 elephants (Lair:6)
  A salamander (shapeshifter) (Vaults:3)
  Psyche (D:11)
  A moth of wrath (shapeshifter) (Vaults:2)
  5 guardian serpents
  28 naga magi
  6 merfolk sirens
  A centaur zombie (D:13)
  9 spiny frogs
  36 black mambas
  3 water nymphs
  A yaktaur zombie (Vaults:4)
  A gargoyle (D:13)
  2 torpor snails
  20 yaktaurs
  2 rime drakes (Lair:6)
  A rime drake (shapeshifter) (Vaults:4)
  9 freezing wraiths
  A yaktaur (shapeshifter) (Vaults:4)
  3 komodo dragons
  A harpy zombie (Shoals:1)
  2 wind drakes
  7 trolls
  2 polar bears
  A queen bee (Lair:3)
  4 hornets
  29 merfolk
  An ettin zombie (Vaults:4)
  A troll (shapeshifter) (Elf:2)
  11 slime creatures
  12 hippogriffs
  7 snapping turtles
  25 blink frogs
  27 dream sheep
  A frost giant simulacrum (Vaults:3)
  A meliai zombie (D:13)
  2 air elementals (Elf:1)
  A shadow (D:13)
  A redback (Vaults:4)
  8 wraiths
  4 water elementals
  3 hogs (D:13)
  7 fire elementals
  2 wyverns
  A basilisk (shapeshifter) (D:13)
  25 yaks
  6 basilisks
  3 hungry ghosts
  A human simulacrum (Vaults:2)
  A vampire mosquito (D:9)
  47 nagas
  9 wargs
  An acid dragon (D:13)
  25 water moccasins
  A floating eye (shapeshifter) (Vaults:4)
  3 hell hounds (Orc:2)
  Duvessa (D:6)
  33 orc warriors
  13 porcupines
  6 sky beasts
  3 black bears
  An ice dragon simulacrum (Vaults:1)
  An ice beast (shapeshifter) (D:9)
  2 black bears (shapeshifter)
  2 phantoms
  An eye of draining (D:13)
  A tengu (shapeshifter) (Vaults:2)
  A hornet zombie (D:13)
  7 ice beasts
  2 necrophages
  16 wolves
  38 ogres
  10 boggarts
  An eye of draining (shapeshifter) (Vaults:1)
  21 centaurs
  10 crocodiles
  5 big kobolds
  A hippogriff zombie (Shoals:1)
  19 bullfrogs
  Blork the orc (D:6)
  Dowan (D:6)
  7 scorpions
  44 killer bees
  An elf simulacrum (Vaults:4)
  12 wights
  A vampire bat (Lair:1)
  7 howler monkeys
  8 crimson imps
  A quasit (D:8)
  3 bullfrog skeletons
  15 orc priests
  2 jellies
  Crazy Yiuf (D:4)
  6 hounds
  30 orc wizards
  4 centaur skeletons
  A gnoll shaman (D:8)
  7 iguanas
  8 worker ants
  A hound zombie (D:10)
  2 hound skeletons
  A worker ant zombie (D:8)
  15 gnolls
  15 adders
  2 river rats (Sewer)
  6 shadow imps
  2 oozes (D:2)
  An adder zombie (D:9)
  An adder skeleton (D:5)
  4 worms
  5 dart slugs
  6 leopard geckos
  118 orcs
  3 ball pythons
  16 bats
  6 giant cockroaches
  7 goblins
  12 hobgoblins
  11 jackals
  14 kobolds
  6 quokkas
  3 frilled lizards
  A jackal skeleton (D:4)
  A quokka skeleton (D:5)
  13 rats
  5 crawling corpses (Elf:1)
  2 fungi
  12 plants
1735 creatures vanquished.

Vanquished Creatures (others)
  A dancing weapon (Elf:1)
  A harpy (Vaults:5)
  A deep elf mage (Elf:1)
  A water nymph (Shoals:4)
  A fire elemental (Orc:2)
  2 humans (D:13)
  An ogre (Vaults:3)
  A bullfrog (D:13)
  2 orc wizards (Orc:2)
  An orc (Vaults:2)
  4 fungi
  48 plants
64 creatures vanquished.

Grand Total: 1799 creatures vanquished

Notes
Turn   | Place    | Note
-------+----------+-------------------------------------------
     0 | D:1      | Kairos the Vine Stalker Fighter began the quest for the
                  | Orb.
     0 | D:1      | Reached XP level 1. HP: 11/11 MP: 2/2
    89 | D:1      | Reached XP level 2. HP: 14/16 MP: 3/3
   170 | D:1      | Reached skill level 3 in Fighting
   173 | D:1      | Reached XP level 3. HP: 14/20 MP: 4/4
   911 | D:2      | Gained mutation: Your natural rate of healing is unusually
                  | fast. [Vine Stalker growth]
   911 | D:2      | Reached XP level 4. HP: 21/24 MP: 5/5
  2082 | D:3      | Reached XP level 5. HP: 28/28 MP: 6/6
  2090 | D:3      | Found a glowing drain.
  2108 | Sewer    | Entered a sewer
  2172 | Sewer    | Noticed a big kobold
  2189 | Sewer    | Killed a big kobold
  2218 | Sewer    | Found a white marble altar of Elyvilon.
  2414 | D:3      | Reached XP level 6. HP: 32/32 MP: 7/7
  3507 | D:4      | Reached XP level 7. HP: 25/36 MP: 8/8
  3686 | D:4      | Found a runed translucent door.
  3689 | D:4      | Noticed Crazy Yiuf
  3697 | D:4      | Killed Crazy Yiuf
  3697 | D:4      | Reached skill level 1 in Dodging
  4090 | D:5      | Entered Level 5 of the Dungeon
  4764 | D:5      | Reached skill level 5 in Axes
  4809 | D:5      | Gained mutation: You have razor-sharp teeth. [Vine Stalker
                  | growth]
  4809 | D:5      | Reached XP level 8. HP: 3/42 MP: 9/9
  5187 | D:6      | Reached skill level 4 in Fighting
  5203 | D:6      | Noticed Dowan
  5242 | D:6      | Reached skill level 1 in Throwing
  5270 | D:6      | Noticed Duvessa
  5279 | D:6      | Killed Duvessa
  5282 | D:6      | Killed Dowan
  5282 | D:6      | Reached skill level 5 in Shields
  5370 | D:6      | Found a sparkling altar of Nemelex Xobeh.
  5421 | D:6      | Found a staircase to the Ecumenical Temple.
  5443 | Temple   | Entered the Ecumenical Temple
  5491 | Temple   | Became a worshipper of Warmaster Okawaru
  5581 | D:6      | Noticed Blork the orc
  5588 | D:6      | Killed Blork the orc
  5762 | D:6      | Found a shimmering altar of Xom.
  5788 | D:6      | Reached XP level 9. HP: 45/46 MP: 8/10
  5872 | D:7      | Reached * piety under Okawaru
  6022 | D:7      | Reached skill level 5 in Armour
  6608 | D:8      | Found a sacrificial altar of Ru.
  6633 | D:8      | Found an ancient bone altar of Kikubaaqudgha.
  6633 | D:8      | Found a stormy altar of Qazlal.
  6656 | D:8      | Reached ** piety under Okawaru
  6711 | D:8      | Reached skill level 5 in Fighting
  6777 | D:8      | Noticed a two-headed ogre
  6786 | D:8      | Killed a two-headed ogre
  6786 | D:8      | Reached *** piety under Okawaru
  6786 | D:8      | Reached skill level 1 in Stealth
  6786 | D:8      | Reached XP level 10. HP: 48/51 MP: 11/11
  7365 | D:8      | Reached skill level 1 in Invocations
  7589 | D:9      | Reached **** piety under Okawaru
  7755 | D:9      | Got a crude iron amulet
  7797 | D:9      | Received a gift from Okawaru
  8141 | D:9      | Noticed a death knight
  8394 | D:9      | Reached skill level 6 in Fighting
  8435 | D:9      | Noticed a two-headed hydra
  8446 | D:9      | Killed a two-headed hydra
  8446 | D:9      | Reached skill level 1 in Maces & Flails
  8446 | D:9      | Reached XP level 11. HP: 44/56 MP: 11/13
  8551 | D:9      | Reached ***** piety under Okawaru
  9046 | D:9      | Killed a death knight
  9160 | D:10     | Entered Level 10 of the Dungeon
  9282 | D:10     | Found Tuhailet's Weapon Shoppe.
  9299 | D:10     | Found a staircase to the Orcish Mines.
  9541 | D:10     | Reached skill level 10 in Axes
  9771 | D:10     | Found Ympoas's Armour Shoppe.
  9982 | D:10     | Noticed a two-headed ogre
  9995 | D:10     | Killed a two-headed ogre
 10140 | D:10     | Received a gift from Okawaru
 10382 | D:11     | Noticed a two-headed ogre
 10391 | D:11     | Killed a two-headed ogre
 10811 | D:11     | Found Teazuha's Armour Boutique.
 10868 | D:11     | Found a staircase to the Lair.
 11036 | D:11     | Noticed a two-headed ogre
 11047 | D:11     | Killed a two-headed ogre
 11058 | D:11     | Noticed Psyche
 11059 | D:11     | Gained mutation: You heal very quickly. [Vine Stalker
                  | growth]
 11059 | D:11     | Reached XP level 12. HP: 62/62 MP: 16/16
 11204 | D:11     | Killed Psyche
 11385 | D:11     | Reached skill level 5 in Invocations
 11494 | D:11     | Bought a +3 plate armour of poison resistance for 630 gold
                  | pieces
 11558 | Lair:1   | Entered Level 1 of the Lair of Beasts
 11806 | Lair:1   | Reached skill level 7 in Fighting
 11904 | Lair:1   | Identified the amulet "Viewumaaxe" {Acrobat *Corrode Int+4}
                  | (You found it on level 9 of the Dungeon)
 12487 | Lair:2   | Received a gift from Okawaru
 12494 | Lair:2   | Got a steaming hand axe {god gift}
 12495 | Lair:2   | Identified the +10 hand axe of Mutilation {speed, Int+6}
                  | (Okawaru gifted it to you on level 2 of the Lair of Beasts)
 12630 | Lair:2   | Noticed Erica
 13119 | Lair:2   | Killed Erica
 13401 | Lair:3   | Received a gift from Okawaru
 13455 | Lair:3   | Reached XP level 13. HP: 68/68 MP: 18/18
 13528 | Lair:3   | Reached ****** piety under Okawaru
 13739 | Lair:3   | Found a staircase to the Snake Pit.
 13897 | Lair:3   | Found a staircase to the Shoals.
 13904 | Lair:3   | Reached skill level 8 in Fighting
 14823 | Lair:4   | Got an ebony arbalest
 15008 | Lair:5   | Received a gift from Okawaru
 15328 | Lair:5   | Identified the cursed +1 arbalest "Hoass" {freeze, MR+
                  | Int+2 Stlth+} (You found it on level 4 of the Lair of
                  | Beasts)
 15755 | Lair:6   | Entered Level 6 of the Lair of Beasts
 15764 | Lair:6   | Received a gift from Okawaru
 15787 | Lair:6   | Received a gift from Okawaru
 15787 | Lair:6   | Reached XP level 14. HP: 69/74 MP: 21/21
 15843 | Lair:6   | Received a gift from Okawaru
 15843 | Lair:6   | Reached skill level 10 in Shields
 15863 | Lair:6   | Got a jewelled hat {god gift}
 15869 | Lair:6   | Identified the +2 hat "Duasimih" {+Blink Regen+ rCorr}
                  | (Okawaru gifted it to you on level 6 of the Lair of Beasts)
 16630 | Lair:6   | Found a runed translucent door.
 16630 | Lair:6   | Found a viscous altar of Jiyva.
 16630 | Lair:6   | Found a staircase to the Slime Pits.
 17000 | Lair:6   | Reached skill level 9 in Fighting
 17287 | Lair:6   | Received a gift from Okawaru
 17610 | Snake:1  | Entered Level 1 of the Snake Pit
 17636 | Snake:1  | Found a stormy altar of Qazlal.
 17647 | Snake:1  | Received a gift from Okawaru
 17772 | Snake:1  | Received a gift from Okawaru
 17970 | Snake:1  | Reached XP level 15. HP: 79/79 MP: 22/22
 18283 | Snake:1  | Received a gift from Okawaru
 18446 | Snake:1  | Received a gift from Okawaru
 18540 | Snake:2  | Reached skill level 10 in Fighting
 18787 | Snake:2  | Received a gift from Okawaru
 19487 | Snake:2  | Received a gift from Okawaru
 19778 | Snake:3  | Received a gift from Okawaru
 20009 | Snake:3  | Found Yfueh's Food Shop.
 20108 | Snake:3  | Noticed a nagaraja
 20120 | Snake:3  | Killed a nagaraja
 20120 | Snake:3  | Reached XP level 16. HP: 75/86 MP: 23/23
 20239 | Snake:3  | Reached skill level 10 in Armour
 20293 | Snake:4  | Entered Level 4 of the Snake Pit
 20309 | Snake:4  | Reached skill level 11 in Fighting
 20367 | Snake:4  | Received a gift from Okawaru
 20367 | Snake:4  | Noticed a nagaraja
 20387 | Snake:4  | Killed a nagaraja
 20455 | Snake:4  | Reached skill level 15 in Axes
 21044 | Snake:4  | Noticed a nagaraja
 21057 | Snake:4  | Killed a nagaraja
 21058 | Snake:4  | Noticed a nagaraja
 21082 | Snake:4  | Noticed a nagaraja
 21259 | Snake:4  | Killed a nagaraja
 21291 | Snake:4  | Killed a nagaraja
 21302 | Snake:4  | Noticed a nagaraja
 21311 | Snake:4  | Received a gift from Okawaru
 21338 | Snake:4  | Killed a nagaraja
 21354 | Snake:4  | Got a slimy shield {god gift}
 21375 | Snake:3  | Identified the +0 shield of Varphod {MP+9} (Okawaru gifted
                  | it to you on level 4 of the Snake Pit)
 21503 | Snake:4  | Noticed a nagaraja
 21517 | Snake:4  | Killed a nagaraja
 21651 | Snake:4  | Reached XP level 17. HP: 83/93 MP: 24/24
 21659 | Snake:4  | Got a serpentine rune of Zot
 21995 | Lair:3   | Identified a scroll of acquirement
 22168 | Shoals:1 | Entered Level 1 of the Shoals
 22349 | Shoals:1 | Reached skill level 1 in Evocations
 22361 | Shoals:1 | Noticed Louise
 22395 | Shoals:1 | Killed Louise
 22800 | Shoals:2 | Noticed Ilsuiw
 22823 | Shoals:2 | Received a gift from Okawaru
 22835 | Shoals:2 | Killed Ilsuiw
 22871 | Shoals:2 | Found a shimmering altar of Xom.
 22882 | Shoals:2 | Reached skill level 12 in Fighting
 23490 | Shoals:3 | Received a gift from Okawaru
 23773 | Shoals:3 | Found Fokoagaok's Weapon Emporium.
 24134 | Shoals:3 | Received a gift from Okawaru
 24149 | Shoals:4 | Entered Level 4 of the Shoals
 24716 | Shoals:4 | Got a barnacled rune of Zot
 24824 | Shoals:4 | Reached skill level 5 in Throwing
 24840 | Shoals:4 | Received a gift from Okawaru
 24840 | Shoals:4 | Reached XP level 18. HP: 93/98 MP: 25/25
 25209 | Orc:1    | Entered Level 1 of the Orcish Mines
 25239 | Orc:1    | Found Cerphun's Distillery.
 25661 | Orc:2    | Entered Level 2 of the Orcish Mines
 25760 | Orc:2    | Noticed Azrael
 25773 | Orc:2    | Killed Azrael
 25840 | Orc:2    | Reached skill level 5 in Stealth
 25848 | Orc:2    | Paralysed by an orc sorcerer for 5 turns
 25891 | Orc:2    | Noticed Josephine
 25902 | Orc:2    | Killed Josephine
 25913 | Orc:2    | Found a staircase to the Elven Halls.
 25988 | Orc:2    | Found a burning altar of Makhleb.
 26049 | Orc:2    | Found Viycait's Gadget Boutique.
 26109 | Orc:2    | Found an ancient bone altar of Kikubaaqudgha.
 26157 | Orc:2    | Received a gift from Okawaru
 26163 | Orc:2    | Found a roughly hewn altar of Beogh.
 26163 | Orc:2    | Found Hetag's Magic Scroll Shop.
 26165 | Orc:2    | Found a radiant altar of Vehumet.
 26206 | Orc:2    | Found Ynurghapp's Distillery.
 26235 | Orc:2    | Found Kokhaff's Antique Weapon Shop.
 26255 | Orc:2    | Bought a scroll of enchant weapon for 97 gold pieces
 26255 | Orc:2    | Bought a scroll of fog for 26 gold pieces
 26255 | Orc:2    | Bought a scroll of teleportation for 39 gold pieces
 26255 | Orc:2    | Bought a scroll of identify for 26 gold pieces
 26724 | Elf:1    | Entered Level 1 of the Elven Halls
 26932 | Elf:1    | Reached skill level 13 in Fighting
 27211 | Elf:1    | Identified the Incunabulum of Battle Magic
 27282 | Elf:1    | Received a gift from Okawaru
 27876 | Elf:2    | Noticed Roxanne
 27919 | Elf:2    | Found a runed translucent gate.
 27919 | Elf:2    | Found a runed translucent gate.
 27930 | Elf:2    | Found a runed translucent gate.
 28518 | Elf:2    | Reached XP level 19. HP: 65/104 MP: 19/26
 28760 | Elf:2    | Received a gift from Okawaru
 29059 | Elf:3    | Entered Level 3 of the Elven Halls
 29744 | Elf:2    | Received a gift from Okawaru
 29863 | Elf:3    | Reached skill level 10 in Stealth
 30374 | Elf:3    | Identified the +1 battleaxe "Syeboit" {holy, *Noise rElec
                  | rF++ MR+}
 30384 | Elf:3    | Received a gift from Okawaru
 30385 | Elf:3    | Identified the amulet of the Chupacabra {+Rage rC++ Str-5}
 30486 | Elf:3    | Identified Coukk's Reference Book on Heat and Malediction
 30514 | Elf:3    | Reached skill level 14 in Fighting
 30515 | Elf:3    | Identified the Papyrus of Glacial Arcane Weapons
 30547 | Elf:3    | Identified the Collected Works on the Escort
 31178 | Orc:2    | Bought a potion of resistance for 150 gold pieces
 31178 | Orc:2    | Bought a potion of magic for 120 gold pieces
 31178 | Orc:2    | Bought a potion of haste for 150 gold pieces
 31290 | Orc:1    | Bought a potion of flight for 42 gold pieces
 31290 | Orc:1    | Bought a potion of degeneration for 14 gold pieces
 31290 | Orc:1    | Bought 2 potions of lignification for 84 gold pieces
 31402 | Orc:2    | Bought a scroll of silence for 97 gold pieces
 31522 | D:10     | Bought a scarf of resistance for 448 gold pieces
 31636 | D:12     | Found a flickering gateway to a bazaar.
 31671 | Bazaar   | Entered a bazaar
 31672 | Bazaar   | Found Menwi's Gadget Boutique.
 31707 | Bazaar   | Found Anaefeoz's Assorted Antiques.
 31712 | Bazaar   | Found Gaotarel's General Store.
 31716 | Bazaar   | Found Fiol's Antique Weapon Emporium.
 31740 | Bazaar   | Bought a scroll of identify for 20 gold pieces
 31740 | Bazaar   | Bought a potion of haste for 100 gold pieces
 31749 | Bazaar   | Bought a scroll of enchant weapon for 187 gold pieces
 31749 | Bazaar   | Bought a potion of haste for 250 gold pieces
 31776 | Bazaar   | Bought a wand of polymorph (1) for 30 gold pieces
 31815 | Bazaar   | Bought a scroll of teleportation for 75 gold pieces
 31815 | Bazaar   | Bought a scroll of teleportation for 75 gold pieces
 32007 | D:12     | Noticed Nergalle
 32029 | D:12     | Killed Nergalle
 32077 | D:12     | Noticed Urug
 32089 | D:12     | Killed Urug
 32538 | D:13     | Noticed Kirke
 32544 | D:13     | Reached XP level 20. HP: 111/111 MP: 27/27
 32558 | D:13     | Killed Kirke
 32629 | D:13     | Found a gate to the Vaults.
 32630 | D:13     | Noticed Nessos
 32649 | D:13     | Killed Nessos
 32909 | D:13     | Reached skill level 15 in Shields
 33024 | D:13     | Got a pitted war axe
 33025 | D:13     | Identified the +5 war axe of Moderation {chop, +Blink +Inv
                  | MR+ Str+4} (You found it on level 13 of the Dungeon)
 33568 | Vaults:1 | Entered Level 1 of the Vaults
 33583 | Vaults:1 | Received a gift from Okawaru
 34152 | Vaults:1 | Received a gift from Okawaru
 34279 | Vaults:1 | Found Paamacota's Food Emporium.
 34345 | Vaults:1 | Identified the +2 robe of Howai {MP+9 Str+8}
 34364 | Vaults:1 | Received a gift from Okawaru
 34587 | Vaults:1 | Received a gift from Okawaru
 34775 | Vaults:1 | Received a gift from Okawaru
 34775 | Vaults:1 | Reached skill level 15 in Fighting
 34778 | Vaults:1 | Got a translucent broad axe {god gift}
 34779 | Vaults:1 | Identified the +1 broad axe of True Grit {drain, rN+}
                  | (Okawaru gifted it to you on level 1 of the Vaults)
 35170 | Vaults:2 | Received a gift from Okawaru
 35251 | Vaults:2 | Reached XP level 21. HP: 117/117 MP: 28/28
 35264 | Vaults:2 | Noticed Boris
 35281 | Vaults:2 | Killed Boris
 35665 | Vaults:2 | Received a gift from Okawaru
 35804 | Vaults:2 | Learned a level 2 spell: Blink
 36034 | Vaults:2 | Reached skill level 16 in Fighting
 36707 | Vaults:3 | Received a gift from Okawaru
 36840 | Vaults:3 | Noticed Boris
 36861 | Vaults:3 | Killed Boris
 36922 | Vaults:3 | Received a gift from Okawaru
 36923 | Vaults:3 | Found the +0 Maxwell's etheric cage {RegenMP+ *Contam rElec
                  | MP+4}
 37135 | Vaults:3 | Reached XP level 22. HP: 71/126 MP: 25/29
 37436 | Vaults:3 | Found a staircase to the Crypt.
 38098 | Vaults:4 | Received a gift from Okawaru
 38151 | Vaults:4 | Noticed Boris
 38175 | Vaults:4 | Killed Boris
 38175 | Vaults:4 | Received a gift from Okawaru
 38175 | Vaults:4 | Received a gift from Okawaru
 38175 | Vaults:4 | Reached skill level 17 in Fighting
 38178 | Vaults:4 | Got jet-studded fire dragon scales {god gift}
 38189 | Vaults:4 | Identified the +3 fire dragon scales of Poor Excuses {rPois
                  | rF++ rC- MR- Str+3} (Okawaru gifted it to you on level 4 of
                  | the Vaults)
 38297 | Vaults:4 | Reached skill level 15 in Stealth
 38334 | Vaults:4 | Found a runed translucent gate.
 38335 | Vaults:4 | Found a runed translucent gate.
 38339 | Vaults:4 | Found a runed translucent gate.
 38339 | Vaults:4 | Noticed Nornya's ghost (veteran MfSu)
 38389 | Vaults:4 | Killed Nornya's ghost
 39066 | Vaults:4 | Received a gift from Okawaru
 39292 | Vaults:4 | Reached XP level 23. HP: 130/131 MP: 30/30
 39348 | Vaults:4 | Received a gift from Okawaru
 39358 | Vaults:4 | Got smelly gold dragon scales {god gift}
 39369 | Vaults:4 | Identified the +0 gold dragon scales "Jirroubb" {rPois rF+
                  | rC+ rN+} (Okawaru gifted it to you on level 4 of the
                  | Vaults)
 39636 | Vaults:5 | Entered Level 5 of the Vaults
 39636 | Vaults:5 | Noticed a golden dragon
 39636 | Vaults:5 | Noticed Margery
 39653 | Vaults:5 | Reached skill level 5 in Maces & Flails
 39712 | Vaults:5 | Killed a golden dragon
 39712 | Vaults:5 | Reached skill level 18 in Fighting
 39949 | Vaults:5 | Noticed a golden dragon
 39955 | Vaults:5 | Killed Margery
 39955 | Vaults:5 | Received a gift from Okawaru
 39963 | Vaults:5 | Killed a golden dragon
 39975 | Vaults:5 | Killed from afar by a shadow dragon

Skill      XL: |  1  2  3  4  5  6  7  8  9 10 11 12 13 14 15 16 17 18 19 20 21 22 23 |
---------------+----------------------------------------------------------------------+-----
Shields        | 3 4 5 6 7 8 9 10 11 12 13 14 15 16 17 | 17.8
Fighting       | 3 4 5 6 7 8 9 10 11 12 13 14 15 16 17 18 | 18.2
Axes           | 2 3 4 5 6 8 9 10 11 12 13 14 15 16 17 | 17.9
Armour         | 3 4 5 6 7 8 9 10 11 12 13 | 13.4
Dodging        | 1 2 |  2.5
Throwing       | 1 2 3 4 5 |  5.0
Stealth        | 1 2 4 8 10 12 14 15 16 | 16.5
Invocations    | 2 4 6 8 9 |  9.0
Maces & Flails | 1 2 3 5 |  5.2
Evocations     | 1 |  1.4

Action                   |  1- 3 |  4- 6 |  7- 9 | 10-12 | 13-15 | 16-18 | 19-21 | 22-24 || total
-------------------------+-------+-------+-------+-------+-------+-------+-------+-------++-------
Melee: War axe           |    86 |   204 |   318 |   719 |       |       |    10 |       ||  1337
       Bite              |    16 |    70 |   110 |   340 |   531 |   715 |   606 |   315 ||  2703
       Hand axe          |       |       |       |   167 |  1110 |   509 |       |       ||  1786
       Flail             |       |       |       |    20 |       |       |       |       ||    20
       Morningstar       |       |       |       |       |    16 |       |       |       ||    16
       Punch             |       |       |       |       |     2 |       |       |       ||     2
       Broad axe         |       |       |       |       |       |  1036 |  1328 |   464 ||  2828
       Demon whip        |       |       |       |       |       |       |       |   166 ||   166
Throw: Tomahawk          |       |     4 |    30 |    36 |       |       |       |       ||    70
       Throwing net      |       |     1 |     5 |     4 |     1 |       |       |       ||    11
       Javelin           |       |       |       |       |     4 |    40 |       |       ||    44
Invok: Heroism           |       |       |     1 |    20 |    11 |    16 |     8 |     6 ||    62
       Finesse           |       |       |       |       |     2 |     3 |     2 |     3 ||    10
 Abil: Evoke Blink       |       |       |       |       |       |     5 |       |       ||     5
Evoke: Wand              |       |       |       |     1 |       |     5 |       |       ||     6
  Use: Scroll            |       |     8 |     2 |     6 |     6 |    15 |    12 |     2 ||    51
       Potion            |       |     1 |     1 |     2 |     1 |     1 |       |       ||     6
 Stab: Confused          |       |       |       |     4 |       |       |       |       ||     4
       Held in net/web   |       |       |       |     1 |       |       |       |       ||     1
       Petrified         |       |       |       |       |     7 |       |       |       ||     7
       Petrifying        |       |       |       |       |     3 |       |       |       ||     3
       Distracted        |       |       |       |       |       |       |       |     1 ||     1
  Eat: Chunk             |       |     9 |     8 |    19 |    13 |    14 |    12 |     1 ||    76
       Ration            |       |       |     1 |     2 |     3 |     4 |     5 |     3 ||    18
Armor: Scale mail        |    46 |       |       |       |       |       |       |       ||    46
       Chain mail        |       |   140 |   179 |    24 |       |       |       |       ||   343
       Plate armour      |       |       |       |   349 |       |       |       |       ||   349
       Gold dragon scale |       |       |       |     2 |   351 |   559 |   552 |   319 ||  1783
Dodge: Dodged            |    34 |    42 |    78 |   182 |   196 |   315 |   257 |   176 ||  1280
Block: Shield            |    55 |   109 |   163 |   456 |   398 |   836 |   759 |   412 ||  3188
